[Event "Titled Tuesday Blitz May 10 Early 2022"]
[White "Harish, Neeraj"]
[Black "Silva, Mariana Sofia T."]
[WhiteFideId "30958130"]
[BlackFideId "1911899"]
[WhiteElo "1574"]
[BlackElo "1825"]
[Result "0-1"]
[Round "10"]
[TimeControl "180+1"]
[Date "2022.05.11"]
[WhiteClock "0:00:59"]
[BlackClock "0:00:33"]

1. c4 e5 2. Nc3 Nf6 3. g3 c6 4. d4 exd4 5. Qxd4 Bb4 6. Bg5 O-O 7. Bxf6 Qxf6 8. Qxf6 gxf6 9. Rc1 d5 10. cxd5 cxd5 11. a3 Bxc3+ 12. Rxc3 Nc6 13. Bg2 Be6 14. Nf3 Ne5 15. O-O Rac8 16. Rfc1 Nc4 17. a4 Nxb2 18. Rxc8 Rxc8 19. Rxc8+ Bxc8 20. a5 Be6 21. Nd4 Nc4 22. a6 bxa6 23. Kf1 Kf8 24. Ke1 Ke7 25. Kd1 Kd6 26. Kc2 Kc5 27. e3 a5 28. Kb3 Bd7 29. Ne2 a4+ 30. Ka2 Be6 31. Nd4 a6 32. h4 Kb4 33. Nc6+ Kc3 34. Nd4 Kd2 35. Bf1 Ke1 36. Bxc4 dxc4 37. f4 Kd2 38. f5 Bd5 39. Kb1 Kxe3 40. Nc2+ Kd2 41. Na3 Be4+ 42. Kb2 c3+ 43. Ka1 c2 44. Nxc2 Kxc2 45. g4 Bf3 46. g5 fxg5 47. hxg5 Be4 48. f6 Bg6 49. Ka2 Kd3 50. Ka1 Ke4 51. Ka2 Kf5 52. Ka1 Kxg5 53. Ka2 Kxf6 54. Ka1 h5 55. Ka2 h4 56. Ka1 h3 57. Ka2 h2 58. Ka1 h1=N 59. Ka2 Ng3 60. Ka1 Ne4 61. Ka2 Ke5 62. Ka1 f5 63. Ka2 f4 64. Ka1 f3 65. Ka2 f2 66. Ka1 f1=Q+ 67. Ka2 Qc4+ 68. Ka1 Qc3+ 69. Ka2 Qc2+ 70. Ka1 Qg2 71. Kb1 Nc3+ 72. Ka1 Qf1+ 73. Kb2 Qe2+ 74. Ka1 Qd1+ 75. Kb2 Qc2+ 76. Ka1 Qb1# 0-1


[Site "https://www.chess.com"]

[Event "Titled Tuesday Blitz May 10 Early 2022"]
[White "Harshavardhan G B"]
[Black "Aslanov, Umid"]
[WhiteFideId "25059009"]
[BlackFideId "13412620"]
[WhiteElo "1831"]
[BlackElo "1796"]
[Result "1-0"]
[Round "10"]
[TimeControl "180+1"]
[Date "2022.05.11"]
[WhiteClock "0:01:30"]
[BlackClock "0:01:16"]

1. e4 c6 2. Nc3 d5 3. Nf3 dxe4 4. Nxe4 Nf6 5. Qe2 Bg4 6. Nxf6+ gxf6 7. h3 Bxf3 8. Qxf3 Nd7 9. d4 e6 10. Bd3 Bd6 11. Bh6 f5 12. g4 fxg4 13. hxg4 Qb6 14. O-O-O O-O-O 15. Qxf7 Qxd4 16. Qxe6 Bf4+ 17. Bxf4 Qxf4+ 18. Kb1 Kb8 19. Qf5 Qc7 20. Rxh7 Rhf8 21. Rf7 Rxf7 22. Qxf7 Rf8 23. Qe7 Rxf2 24. Qe8+ Qc8 25. Qxc8+ Kxc8 26. Bf5 Kc7 27. Rxd7+ Kb6 28. Rd1 a5 29. a4 Kc5 30. c3 Kc4 31. Rg1 Kb3 32. Be6+ Kxa4 33. g5 Re2 34. Rg4+ Kb5 35. Bc4+ Kc5 36. Bxe2 b5 37. g6 a4 38. g7 Kb6 39. g8=Q Ka5 40. Qb8 a3 1-0


[Site "https://www.chess.com"]

[Event "Titled Tuesday Blitz May 10 Early 2022"]
[White "Heinemann, Josefine"]
[Black "Priyanka, K"]
[WhiteFideId "12900460"]
[BlackFideId "5082986"]
[WhiteElo "2300"]
[BlackElo "1905"]
[Result "1/2-1/2"]
[Round "10"]
[TimeControl "180+1"]
[Date "2022.05.11"]
[WhiteClock "0:01:20"]
[BlackClock "0:00:40"]

1. e4 c5 2. Nf3 d6 3. Nc3 Nf6 4. e5 dxe5 5. Nxe5 Nbd7 6. Bb5 a6 7. Bxd7+ Bxd7 8. d4 e6 9. O-O Qc7 10. Bf4 Bd6 11. Re1 O-O 12. d5 exd5 13. Nxd5 Nxd5 14. Qxd5 Be6 15. Qf3 Rfe8 16. Rad1 Rad8 17. Bg3 Bxe5 18. Rxd8 Qxd8 19. Bxe5 f6 20. Bc3 Bf7 21. Rxe8+ Bxe8 22. h3 Bc6 23. Qg4 Qd7 24. Qc4+ Qd5 25. Qxd5+ Bxd5 26. b3 Kf7 27. f3 Ke6 28. Kf2 c4 29. h4 cxb3 30. cxb3 h5 31. Ke3 g5 32. g3 gxh4 33. gxh4 Bc6 34. f4 Kf5 35. a4 Bd5 36. b4 Bc6 37. a5 Bd5 38. Bb2 Bc6 39. Bc3 Bd5 40. Bb2 Bc6 41. Bc3 1/2-1/2


[Site "https://www.chess.com"]

[Event "Titled Tuesday Blitz May 10 Early 2022"]
[White "Hoffmann, Asa"]
[Black "Risteski, Emil"]
[WhiteFideId "2001470"]
[BlackFideId "15005267"]
[WhiteElo "2117"]
[BlackElo "2070"]
[Result "0-1"]
[Round "10"]
[TimeControl "180+1"]
[Date "2022.05.11"]
[WhiteClock "0:00:13"]
[BlackClock "0:01:38"]

1. d4 d6 2. e4 Nf6 3. f3 e5 4. dxe5 dxe5 5. Qxd8+ Kxd8 6. Bc4 Be6 7. Bxe6 fxe6 8. Be3 Bd6 9. Nd2 Ke7 10. Nc4 b5 11. Na5 h6 12. O-O-O Rc8 13. c4 Bb4 14. Nb7 bxc4 15. Bc5+ Bxc5 16. Nxc5 Nbd7 17. Na4 Nb6 18. Nc5 Nfd7 19. Nxd7 Nxd7 20. Ne2 Nb6 21. Nc3 c6 22. Kc2 Rd8 23. Rxd8 Rxd8 24. a4 a5 25. h4 Rd3 26. Rd1 Rd4 27. h5 Kd6 28. Rg1 Kc5 29. g4 Rd3 30. g5 Rxf3 31. gxh6 gxh6 32. Rg6 Rf2+ 33. Kc1 Kb4 34. Rxe6 Rf1+ 35. Kc2 Rf2+ 36. Kc1 Nxa4 37. Nxa4 Kxa4 38. Rxh6 Kb3 39. Rxc6 Rc2+ 40. Kd1 Rxb2 41. Rb6+ Kc3 42. Rxb2 Kxb2 43. h6 c3 44. h7 c2+ 45. Ke2 c1=Q 46. h8=Q Qc2+ 47. Ke3 Qc3+ 48. Ke2 a4 49. Qb8+ Ka1 50. Qa7 a3 51. Qa4 a2 52. Qd1+ Kb2 0-1


[Site "https://www.chess.com"]

[Event "Titled Tuesday Blitz May 10 Early 2022"]
[White "Hua, Lefong"]
[Black "Keller, Peter"]
[WhiteFideId "2602253"]
[BlackFideId "1272105"]
[WhiteElo "2607"]
[BlackElo "2275"]
[Result "1-0"]
[Round "10"]
[TimeControl "180+1"]
[Date "2022.05.11"]
[WhiteClock "0:00:34"]
[BlackClock "0:00:07"]

1. d4 Nf6 2. c4 e6 3. Nc3 Bb4 4. f3 c5 5. d5 d6 6. e4 b5 7. Ne2 bxc4 8. Nf4 Bxc3+ 9. bxc3 e5 10. Ne2 Nbd7 11. Ng3 Nb6 12. Be2 Bd7 13. O-O h6 14. f4 exf4 15. Bxf4 Qe7 16. Qd2 O-O 17. Rae1 Nxe4 18. Nxe4 Qxe4 19. Bxd6 Rfe8 20. Bf3 Qd3 21. Rxe8+ Rxe8 22. Qf4 Qxc3 23. Bh5 Qe3+ 24. Qxe3 Rxe3 25. Bxf7+ Kh7 26. Bxc5 Rd3 27. d6 c3 28. Bb3 Rd2 29. Bb4 Nd5 30. Ba5 Ne3 31. Rf2 Rxf2 32. Kxf2 c2 33. Bd2 Nd1+ 34. Ke1 Bf5 35. d7 Bxd7 36. Bxc2+ 1-0


[Site "https://www.chess.com"]

[Event "Titled Tuesday Blitz May 10 Early 2022"]
[White "Ianov, Viktor"]
[Black "Toncheva, Nadya"]
[WhiteFideId "14102730"]
[BlackFideId "2924056"]
[WhiteElo "2152"]
[BlackElo "1888"]
[Result "1-0"]
[Round "10"]
[TimeControl "180+1"]
[Date "2022.05.11"]
[WhiteClock "0:00:48"]
[BlackClock "0:00:02"]

1. Nf3 Nf6 2. g3 g6 3. b3 Bg7 4. Bb2 O-O 5. Bg2 d6 6. d4 e5 7. dxe5 Ng4 8. c4 Nc6 9. Nc3 Ncxe5 10. O-O Re8 11. Qd2 h5 12. Rfd1 Nxf3+ 13. Bxf3 Ne5 14. Bg2 h4 15. c5 Re7 16. cxd6 Rd7 17. dxc7 Qxc7 18. Nd5 Qd8 19. Rac1 b6 20. Bxe5 Bxe5 21. Rxc8 Rxc8 22. Bh3 Rc2 23. Qxc2 Rxd5 24. Rxd5 Qxd5 25. Bg2 Qa5 26. Be4 Bd4 27. e3 h3 28. Kf1 Bf6 29. a4 Qb4 30. Ke2 Kg7 31. Bd5 Qa3 32. Bc4 Qa1 33. Bd5 Qg1 34. Qc7 Kh6 35. Qxf7 Bg7 36. Qf4+ Kh7 37. Qh4+ Bh6 38. Qxh3 Qb1 39. Qd7+ Bg7 40. Bc4 Qc2+ 41. Kf3 Qb1 42. Kg2 Qe4+ 43. Kg1 Qb1+ 44. Kg2 Qe4+ 45. Kf1 Qb1+ 46. Ke2 Qc2+ 47. Qd2 Qe4 48. h4 Qg4+ 49. Kf1 Qh3+ 50. Kg1 Be5 51. Qd5 Bg7 52. Qe4 Qd7 53. h5 Qd1+ 54. Kg2 Qxh5 55. Qh4 Qxh4 56. gxh4 Bf6 57. h5 gxh5 58. f4 Kg6 59. e4 Bd4 60. Kf3 Kf6 61. e5+ Kf5 62. Bd3+ Ke6 63. Ke4 Ba1 64. f5+ Ke7 65. f6+ Ke8 66. Kf5 h4 67. e6 h3 68. Bb5+ Kd8 69. e7+ 1-0


[Site "https://www.chess.com"]

[Event "Titled Tuesday Blitz May 10 Early 2022"]
[White "Iljin, Timofey"]
[Black "Qashashvili, Alexandre"]
[WhiteFideId "14110180"]
[BlackFideId "13600842"]
[WhiteElo "2404"]
[BlackElo "2316"]
[Result "0-1"]
[Round "10"]
[TimeControl "180+1"]
[Date "2022.05.11"]
[WhiteClock "0:00:54"]
[BlackClock "0:00:21"]

1. d4 d5 2. c4 c6 3. Nc3 Nf6 4. Nf3 Bf5 5. cxd5 Nxd5 6. Qb3 Nxc3 7. Qxb7 Nd5 8. Qxa8 Qb6 9. e4 Bxe4 10. Nd2 Nc7 11. Qxb8+ Qxb8 12. Nxe4 e6 13. Bd3 Qb4+ 14. Nc3 Nd5 15. Bd2 Qxd4 16. Be2 Bc5 17. Rf1 O-O 18. O-O-O Rb8 19. Bf3 Qb4 20. Kc2 Qxb2+ 21. Kd3 Nxc3 22. Bxc3 Qb5+ 23. Kc2 Qa4+ 24. Kd3 Qxa2 25. Ra1 Qb3 26. Rfc1 Qb5+ 27. Kc2 Qb3+ 28. Kd3 Bxf2 29. Ke2 Bb6 30. Rab1 Qc4+ 31. Ke1 Rd8 32. Be2 Qh4+ 33. g3 Qxh2 34. Rxb6 axb6 35. Bd2 Qg1+ 36. Bf1 Qxg3+ 37. Ke2 Qe5+ 38. Be3 c5 39. Bg2 f5 40. Rb1 f4 41. Rb3 fxe3 42. Rxe3 Qh5+ 43. Bf3 Qh2+ 44. Kf1 Rd2 45. Be2 Rxe2 46. Rxe2 Qxe2+ 47. Kxe2 Kf7 48. Kd3 Kf6 49. Ke4 h5 50. Kf4 b5 51. Ke4 b4 52. Kf4 b3 53. Ke3 b2 54. Kd2 h4 55. Ke3 h3 56. Kd2 h2 57. Kc2 h1=Q 58. Kxb2 Qd1 59. Kc3 c4 60. Kxc4 e5 61. Kb5 e4 62. Kb6 e3 63. Kb7 e2 64. Kb8 e1=Q 65. Kb7 Qed2 66. Kb6 Q2c2 67. Ka5 Qdb1 68. Ka6 Qca2# 0-1


[Site "https://www.chess.com"]

[Event "Titled Tuesday Blitz May 10 Early 2022"]
[White "Ismayil, Malak"]
[Black "Turutin, Alexander"]
[WhiteFideId "13412604"]
[BlackFideId "4180623"]
[WhiteElo "1879"]
[BlackElo "2402"]
[Result "1-0"]
[Round "10"]
[TimeControl "180+1"]
[Date "2022.05.11"]
[WhiteClock "0:00:11"]
[BlackClock "0:00:04"]

1. e4 c6 2. d4 d5 3. exd5 cxd5 4. Bd3 Nc6 5. c3 Qc7 6. h3 Nf6 7. Nf3 g6 8. O-O Bg7 9. Re1 O-O 10. Bg5 Bf5 11. Bb5 Ne4 12. Nbd2 Nxg5 13. Nxg5 e5 14. Bxc6 bxc6 15. dxe5 Bxe5 16. Ngf3 Bf6 17. Nb3 Qb6 18. Nfd4 Bd7 19. Qf3 Bg7 20. Re7 Rad8 21. Rae1 a5 22. Qe2 a4 23. Nc1 c5 24. Nf3 a3 25. bxa3 Bxc3 26. Rd1 Bb5 27. Qc2 Bf6 28. Ree1 Qc6 29. Nb3 Ba4 30. Rc1 c4 31. Qd2 Qd6 32. Nbd4 Qxa3 33. Rc3 Qc5 34. Qf4 Bg7 35. h4 Qa5 36. Rce3 c3 37. Rc1 Rc8 38. h5 Rc4 39. h6 Bh8 40. Ne5 Rcc8 41. Ng4 Qb6 42. Ne2 c2 43. Rf3 f5 44. Ne3 Qb2 45. Qd6 Rfd8 46. Qe6+ Kf8 47. Nxf5 1-0


[Site "https://www.chess.com"]

[Event "Titled Tuesday Blitz May 10 Early 2022"]
[White "Itkis, Boris"]
[Black "Sharbaf, Mohsen"]
[WhiteFideId "1209167"]
[BlackFideId "12501808"]
[WhiteElo "2207"]
[BlackElo "2187"]
[Result "0-1"]
[Round "10"]
[TimeControl "180+1"]
[Date "2022.05.11"]
[WhiteClock "0:02:13"]
[BlackClock "0:02:31"]

1. Nf3 d5 2. b3 f6 3. Bb2 e5 4. e3 c5 5. d4 cxd4 6. exd4 e4 7. Nh4 f5 8. Qh5+ g6 9. Nxg6 hxg6 10. Qxh8 Kf7 11. Qh7+ Bg7 12. h4 Nf6 13. Qxg7+ Kxg7 14. c4 Nc6 15. c5 Be6 16. Nc3 Nxd4 0-1


[Site "https://www.chess.com"]

[Event "Titled Tuesday Blitz May 10 Early 2022"]
[White "Jannatul, Ferdous"]
[Black "Thomas, Anysia"]
[WhiteFideId "10212590"]
[BlackFideId "670472"]
[WhiteElo "1707"]
[BlackElo "2002"]
[Result "1/2-1/2"]
[Round "10"]
[TimeControl "180+1"]
[Date "2022.05.11"]
[WhiteClock "0:00:18"]
[BlackClock "0:00:07"]

1. e4 c5 2. Nf3 g6 3. d4 cxd4 4. Nxd4 Nc6 5. Nc3 Bg7 6. Be3 Nf6 7. Be2 O-O 8. f3 d5 9. exd5 Nxd5 10. Nxd5 Qxd5 11. Nxc6 Qxc6 12. c3 Bf5 13. O-O Rfd8 14. Qe1 Qe6 15. Qf2 b6 16. Rfe1 Qc6 17. Rad1 Be6 18. f4 Rac8 19. Bf3 Qc4 20. a3 Qa4 21. Rd2 Bb3 22. Ree2 Qc4 23. Rxd8+ Rxd8 24. Rd2 Qc8 25. Rxd8+ Qxd8 26. Qd2 Qc7 27. Kf2 e5 28. g3 Be6 29. fxe5 Bxe5 30. Bd4 Qd6 31. Ke3 h5 32. Bxe5 Qxe5+ 33. Kf2 Qf5 34. Kg2 Qh3+ 35. Kg1 Kh7 36. Bg2 Qf5 37. Qf2 Qb1+ 38. Bf1 Bc4 39. h4 b5 40. g4 hxg4 41. h5 g3 42. hxg6+ fxg6 43. Qxa7+ Kh6 44. Qe3+ Kh5 45. Qe5+ g5 46. Qh8+ Kg4 47. Qh3+ Kf4 48. Qg2 Bxf1 49. Qxf1+ Qxf1+ 50. Kxf1 Ke3 51. b3 Kd3 52. c4 bxc4 53. bxc4 Kxc4 54. Kg2 Kb3 55. Kxg3 Kxa3 56. Kg4 Kb4 57. Kxg5 1/2-1/2


[Site "https://www.chess.com"]

[Event "Titled Tuesday Blitz May 10 Early 2022"]
[White "Jeet, Jain"]
[Black "Lamaze, Simon"]
[WhiteFideId "5073022"]
[BlackFideId "36069264"]
[WhiteElo "2028"]
[BlackElo "1999"]
[Result "1-0"]
[Round "10"]
[TimeControl "180+1"]
[Date "2022.05.11"]
[WhiteClock "0:00:44"]
[BlackClock "0:00:14"]

1. Nf3 d5 2. e3 Nf6 3. c4 e6 4. cxd5 exd5 5. d4 Bd6 6. Nc3 c6 7. Bd3 O-O 8. O-O Re8 9. b3 Nbd7 10. Bb2 Nf8 11. Re1 Ne4 12. Ne5 f6 13. Nf3 Ng6 14. Nd2 f5 15. f4 Be6 16. Nf3 Qe7 17. Ne5 Nxe5 18. fxe5 Bb4 19. Rc1 a6 20. Rf1 Rf8 21. Ne2 Bd2 22. Rf3 Bxc1 23. Qxc1 c5 24. Nf4 Rfc8 25. Qe1 Qd7 26. Rh3 b5 27. Qh4 g5 28. Rg3 Qe7 29. Bxe4 fxe4 30. Rxg5+ Kf8 31. Qh6+ Ke8 32. Nxe6 cxd4 33. Rg8+ Kd7 34. Rg7 d3 35. Rxe7+ Kxe7 36. Qf6+ Kd7 37. Qf7+ Kc6 38. Nd4+ Kb6 39. Qxd5 d2 40. Ne2 Rd8 41. Bd4+ Ka5 42. b4+ Kxb4 43. Qb3+ Ka5 44. Qa3# 1-0


[Site "https://www.chess.com"]

[Event "Titled Tuesday Blitz May 10 Early 2022"]
[White "Jobava, Baadur"]
[Black "Kazakouski, Valery"]
[WhiteFideId "13601520"]
[BlackFideId "13507443"]
[WhiteElo "2617"]
[BlackElo "2524"]
[Result "1-0"]
[Round "10"]
[TimeControl "180+1"]
[Date "2022.05.10"]
[WhiteClock "0:00:49"]
[BlackClock "0:00:15"]

1. b3 e5 2. Bb2 Nc6 3. Nf3 d6 4. d4 e4 5. d5 exf3 6. dxc6 bxc6 7. exf3 Nf6 8. Bd3 Be7 9. O-O O-O 10. Re1 Nd7 11. c4 Bf6 12. Nc3 a5 13. Qc2 h6 14. Rad1 Nc5 15. Bh7+ Kh8 16. Bf5 Bxf5 17. Qxf5 Qc8 18. Qc2 Re8 19. g3 Qh3 20. Bc1 Re6 21. Rxe6 Nxe6 22. Be3 Bxc3 23. Qxc3 h5 24. Qc2 h4 25. Qe4 hxg3 26. fxg3 Ra6 27. Bd2 Qh7 28. Qxh7+ Kxh7 29. Bc3 c5 30. a4 Nd8 31. Kf2 Nc6 32. Rd3 Rb6 33. Bd2 Kg6 34. h4 Rb8 35. g4 f6 36. h5+ Kf7 37. f4 Rh8 38. Kg3 f5 39. Re3 fxg4 40. Kxg4 g6 41. hxg6+ Kxg6 42. Bc3 Rh1 43. Re6+ Kf7 44. Rf6+ Ke7 45. Rg6 Rg1+ 46. Kh5 Rh1+ 47. Kg5 Rg1+ 48. Kh6 Rh1+ 49. Kg7 Rf1 50. Rg4 Rf3 51. Bf6+ Ke6 52. Kg6 Nd4 53. Kg5 Nxb3 54. Rg1 Nd4 55. Re1+ Kd7 56. Re7+ Kc6 57. Kg4 Rf1 58. Re4 Rg1+ 59. Kh5 Nf5 60. Re8 Kd7 61. Ra8 Ke6 62. Bg5 Rc1 63. Kg6 Nd4 64. f5+ 1-0


[Site "https://www.chess.com"]

[Event "Titled Tuesday Blitz May 10 Early 2022"]
[White "Johnson, Ben"]
[Black "Pourkashiyan, Atousa"]
[WhiteFideId "2010917"]
[BlackFideId "12502014"]
[WhiteElo "2230"]
[BlackElo "2247"]
[Result "0-1"]
[Round "10"]
[TimeControl "180+1"]
[Date "2022.05.11"]
[WhiteClock "0:00:08"]
[BlackClock "0:00:11"]

1. Nf3 d5 2. e3 Nf6 3. c4 e6 4. b3 Be7 5. Bb2 O-O 6. Nc3 c5 7. cxd5 Nxd5 8. Qc2 Nc6 9. a3 b6 10. Be2 Bb7 11. O-O Rc8 12. Rac1 Bf6 13. Ne4 Bxb2 14. Qxb2 h6 15. Rfd1 Qe7 16. Ne5 Rfd8 17. Bf3 f5 18. Nxc6 Bxc6 19. Ng3 Bb7 20. h3 Nf6 21. Bxb7 Qxb7 22. Qe5 Qd5 23. Qb2 Kf7 24. a4 Qb7 25. Rc4 Rd3 26. b4 cxb4 27. Rxb4 Rcd8 28. a5 Nd5 29. Rb5 Qd7 30. axb6 Nxb6 31. Nf1 Rc8 32. Ra1 Rc7 33. Rba5 Nc4 34. Qb5 Nxa5 35. Qxa5 Rd5 36. Qa4 Qxa4 37. Rxa4 a5 38. d4 Rc1 39. g3 Rb5 40. Kg2 Rcb1 41. Nd2 R1b4 42. Ra3 a4 43. Nf3 Kf6 44. Ne5 Rb3 45. Rxa4 Rb2 46. Ra7 Rb7 47. Ra6 g5 48. h4 gxh4 49. gxh4 Ke7 50. h5 Kf6 51. Kf3 Kg5 52. Rxe6 Kxh5 53. Rf6 Kg5 54. Rf8 R2b3 55. Kg3 h5 56. Rg8+ Kh6 57. Kf3 h4 58. Rf8 Kg5 59. Re8 Kf6 60. Rg8 Rb1 61. Rh8 R7b3 62. Rh6+ Ke7 63. Rxh4 R1b2 64. Rf4 Ra3 65. Rxf5 Raa2 66. Rf4 Ke6 67. Re4 Rxf2+ 68. Kg4 Kf6 69. Nf3 Rg2+ 70. Kf4 Raf2 71. Re5 Kf7 72. Rf5+ Ke8 73. Rg5 Rxg5 74. Kxg5 Rxf3 75. e4 Rd3 76. d5 Rf3 77. e5 Ke7 78. Kg4 Rf1 79. Kg5 Ke8 80. Kg4 Kd7 81. Kg5 Rd1 82. d6 Rf1 83. Kg6 Ke6 84. Kg7 Kxe5 85. d7 Rd1 86. d8=Q Rxd8 87. Kg6 Ke6 88. Kg5 Rf8 0-1


[Site "https://www.chess.com"]

[Event "Titled Tuesday Blitz May 10 Early 2022"]
[White "Juhasz, Agoston"]
[Black "Jaracz, Pawel"]
[WhiteFideId "778346"]
[BlackFideId "1102222"]
[WhiteElo "2211"]
[BlackElo "2429"]
[Result "1-0"]
[Round "10"]
[TimeControl "180+1"]
[Date "2022.05.11"]
[WhiteClock "0:01:11"]
[BlackClock "0:00:19"]

1. Nf3 c5 2. g3 d5 3. Bg2 Nc6 4. d4 Bg4 5. O-O Bxf3 6. Bxf3 Nxd4 7. Bg2 e6 8. c4 Nf6 9. Nc3 dxc4 10. Bxb7 Rb8 11. Bg2 Be7 12. e3 O-O 13. exd4 cxd4 14. Ne4 d3 15. Rb1 Nd5 16. Bd2 f5 17. Nc3 Bf6 18. Nxd5 exd5 19. Qf3 Kh8 20. Qxd5 Qc8 21. Rfc1 Rxb2 22. Rxb2 Bxb2 23. Rxc4 Qa6 24. Qxd3 Qxa2 25. Qc2 Qa1+ 26. Bc1 Bd4 27. Rc8 1-0


[Site "https://www.chess.com"]

[Event "Titled Tuesday Blitz May 10 Early 2022"]
[White "Kaasen, Tor Fredrik"]
[Black "Ferreira, Vitor Hugo Vieira"]
[WhiteFideId "1516647"]
[BlackFideId "2119765"]
[WhiteElo "2335"]
[BlackElo "2165"]
[Result "1-0"]
[Round "10"]
[TimeControl "180+1"]
[Date "2022.05.11"]
[WhiteClock "0:00:51"]
[BlackClock "0:00:44"]

1. e4 c5 2. Nf3 d6 3. d4 cxd4 4. Nxd4 Nf6 5. Nc3 a6 6. Bc4 e6 7. Bb3 b5 8. Bg5 Nbd7 9. f4 h6 10. Bh4 Qc7 11. f5 e5 12. Nd5 Nxd5 13. Bxd5 Bb7 14. Ne6 Qc8 15. Qh5 Bxd5 16. exd5 Nf6 17. Bxf6 gxf6 18. O-O-O Ke7 19. Rhf1 Rg8 20. Nxf8 Rxf8 21. Rf3 Qc4 22. Rc3 Qf4+ 23. Kb1 Rac8 24. Rc6 Rxc6 25. dxc6 Rc8 26. g3 Qe4 27. Qxh6 Rxc6 28. Qd2 Qxf5 29. a3 d5 30. Qxd5 Qxc2+ 31. Ka1 Qc4 32. Qd8+ Ke6 33. Qd7# 1-0


[Site "https://www.chess.com"]

[Event "Titled Tuesday Blitz May 10 Early 2022"]
[White "Keymer, Vincent"]
[Black "Mitrabha, Guha"]
[WhiteFideId "12940690"]
[BlackFideId "5057000"]
[WhiteElo "2548"]
[BlackElo "2468"]
[Result "1-0"]
[Round "10"]
[TimeControl "180+1"]
[Date "2022.05.10"]
[WhiteClock "0:00:17"]
[BlackClock "0:01:04"]

1. Nf3 Nf6 2. c4 b6 3. g3 Bb7 4. Bg2 c5 5. O-O g6 6. b3 Bg7 7. Bb2 O-O 8. d3 d5 9. e3 Nc6 10. Qe2 Re8 11. Nbd2 e5 12. cxd5 Nxd5 13. a3 Qd7 14. Ne4 Rad8 15. Rfd1 h6 16. Qc2 Qc8 17. h4 Qa8 18. Rac1 a5 19. Ned2 Ndb4 20. axb4 Nxb4 21. Qb1 Nxd3 22. Ne1 Nxc1 23. Qxc1 Bxg2 24. Nxg2 Qd5 25. e4 Qd3 26. Ne3 h5 27. Nd5 b5 28. Qxc5 Kh7 29. Qc3 Qe2 30. Qf3 Qxf3 31. Nxf3 Rc8 32. Bc3 a4 33. bxa4 bxa4 34. Ra1 f5 35. Rxa4 fxe4 36. Ng5+ Kg8 37. Nxe4 Red8 38. Ne7+ 1-0


[Site "https://www.chess.com"]

[Event "Titled Tuesday Blitz May 10 Early 2022"]
[White "Khabinets, Ivan"]
[Black "Tristan, Leonardo"]
[WhiteFideId "14115980"]
[BlackFideId "113816"]
[WhiteElo "2114"]
[BlackElo "2404"]
[Result "0-1"]
[Round "10"]
[TimeControl "180+1"]
[Date "2022.05.10"]
[WhiteClock "0:00:28"]
[BlackClock "0:00:16"]

1. e4 d5 2. exd5 Qxd5 3. Nc3 Qa5 4. d4 Nf6 5. Nf3 Bf5 6. Ne5 c6 7. g4 Be6 8. Bg2 Nbd7 9. h3 Nxe5 10. dxe5 Qxe5+ 11. Be3 Nd5 12. Nxd5 Bxd5 13. Bxd5 Qxd5 14. Qxd5 cxd5 15. O-O-O e6 16. Bd4 h5 17. g5 h4 18. Rhe1 Rh5 19. f4 Bd6 20. f5 Rxg5 21. fxe6 f6 22. Bf2 Bg3 23. Bxg3 hxg3 24. Rd3 g2 25. Rg1 Ke7 26. h4 Rg4 27. Rxd5 Rd8 28. Rxd8 Kxd8 29. Kd2 Ke7 30. Ke2 Kxe6 31. Kf2 Rxh4 32. Rxg2 g5 33. Kf3 Kf5 34. Rd2 Rh7 35. Rd5+ Kg6 36. Rc5 Re7 37. Rd5 f5 38. Rd6+ Kh5 39. Rd8 f4 40. Rh8+ Kg6 41. Rg8+ Kf6 42. Rf8+ Kg7 43. Rf5 Kg6 44. Rd5 Re3+ 45. Kf2 g4 46. Rb5 g3+ 47. Kg2 Re2+ 48. Kh3 Rh2+ 49. Kg4 g2 50. Rg5+ Kf6 51. Kxf4 Rh4+ 0-1


[Site "https://www.chess.com"]

[Event "Titled Tuesday Blitz May 10 Early 2022"]
[White "Korchmar, Vasiliy"]
[Black "Al-Tarboush, Ward"]
[WhiteFideId "24131750"]
[BlackFideId "7601450"]
[WhiteElo "2370"]
[BlackElo "2294"]
[Result "1-0"]
[Round "10"]
[TimeControl "180+1"]
[Date "2022.05.11"]
[WhiteClock "0:01:16"]
[BlackClock "0:00:21"]

1. e4 e6 2. d4 d5 3. e5 c5 4. c3 Nc6 5. Nf3 Qb6 6. Be2 Nh6 7. Bxh6 gxh6 8. Qd2 Bd7 9. O-O O-O-O 10. dxc5 Bxc5 11. b4 Be7 12. a4 Rdg8 13. a5 Qc7 14. Qe3 Rg4 15. Na3 Rhg8 16. g3 Re4 17. Qxh6 Nxe5 18. Qxh7 Rf8 19. Nxe5 Qxe5 20. Bf3 Be8 21. Bxe4 Rh8 22. Qxh8 Qxh8 23. Bg2 Bf6 24. Rac1 a6 25. c4 Bb2 26. cxd5+ Bxc1 27. Rxc1+ Kb8 28. Nc4 Bd7 29. Nb6 Qd8 30. d6 Bc6 31. Bxc6 bxc6 32. Rxc6 Kb7 33. Rc7+ Kb8 34. Nd7+ Ka8 35. Rc8+ 1-0


[Site "https://www.chess.com"]

[Event "Titled Tuesday Blitz May 10 Early 2022"]
[White "Kosteniuk, Alexandra"]
[Black "Samunenkov, Ihor"]
[WhiteFideId "4128125"]
[BlackFideId "14187086"]
[WhiteElo "2469"]
[BlackElo "2409"]
[Result "0-1"]
[Round "10"]
[TimeControl "180+1"]
[Date "2022.05.10"]
[WhiteClock "0:00:03"]
[BlackClock "0:00:04"]

1. e4 c5 2. c3 d5 3. exd5 Qxd5 4. d4 Nf6 5. Nf3 e6 6. Be2 Nc6 7. O-O cxd4 8. cxd4 Be7 9. Nc3 Qd8 10. Bg5 O-O 11. Rc1 b6 12. Bd3 Bb7 13. Bb1 Rc8 14. Re1 Nd5 15. h4 Ncb4 16. a3 Nxc3 17. Rxc3 Nd5 18. Rxc8 Qxc8 19. Qd3 g6 20. Rc1 Qd8 21. Bh6 Re8 22. h5 Bf6 23. hxg6 hxg6 24. Ne5 Ne7 25. Qe3 Nf5 26. Bxf5 exf5 27. Bf4 Qd5 28. Qg3 Bh4 29. Qh3 Bxf2+ 30. Kxf2 Qxd4+ 31. Kg3 Rxe5 32. Rc3 Re2 33. Qh6 Rxg2+ 34. Kh3 Qd1 35. Rc8+ Bxc8 36. Kxg2 Bb7+ 37. Kf2 Qf3+ 38. Ke1 Qe4+ 39. Kd2 Qd4+ 40. Kc1 Qg1+ 41. Kd2 Qf2+ 42. Kc3 Qe1+ 43. Bd2 Qe5+ 44. Kb3 Bd5+ 45. Kc2 Be4+ 46. Kc1 Qc5+ 47. Kd1 Qg1+ 48. Ke2 Qg2+ 49. Ke3 Qf3+ 50. Kd4 Qd3+ 51. Ke5 Qd5+ 52. Kf6 Qd6+ 53. Kg5 Qxd2+ 54. Kf6 Qxh6 0-1


[Site "https://www.chess.com"]

[Event "Titled Tuesday Blitz May 10 Early 2022"]
[White "Koziorowicz, Michal"]
[Black "Odegov, Artem"]
[WhiteFideId "21809194"]
[BlackFideId "34183644"]
[WhiteElo "2219"]
[BlackElo "2286"]
[Result "1-0"]
[Round "10"]
[TimeControl "180+1"]
[Date "2022.05.11"]
[WhiteClock "0:01:57"]
[BlackClock "0:00:31"]

1. Nc3 d5 2. d4 Nf6 3. Bg5 Bf5 4. g3 e6 5. Bg2 Be7 6. Nf3 c5 7. O-O Nc6 8. e3 O-O 9. Re1 Rc8 10. dxc5 Bxc5 11. Nd4 h6 12. Bxf6 Qxf6 13. Nxf5 Qxf5 14. Qe2 Qf6 15. a3 Rfd8 16. Rad1 Bxa3 17. Nxd5 exd5 18. bxa3 Ne7 19. Rd4 Rc5 20. Red1 Qb6 21. c4 Rxc4 22. Qxc4 dxc4 23. Rxd8+ Kh7 24. R8d7 c3 25. Rxe7 c2 26. Be4+ g6 27. Bxc2 Kg7 28. Rdd7 Qc5 29. Rxf7+ Kg8 30. Rg7+ Kf8 31. Rdf7+ Ke8 32. Bxg6 Qc1+ 33. Kg2 Qc6+ 34. e4 Qxg6 35. Rxg6 Kxf7 36. Rxh6 1-0


[Site "https://www.chess.com"]

[Event "Titled Tuesday Blitz May 10 Early 2022"]
[White "Kruckenhauser, Arthur"]
[Black "Bintang, Rasyid A. Hidayat"]
[WhiteFideId "1642812"]
[BlackFideId "7105355"]
[WhiteElo "2243"]
[BlackElo "2461"]
[Result "1/2-1/2"]
[Round "10"]
[TimeControl "180+1"]
[Date "2022.05.11"]
[WhiteClock "0:02:46"]
[BlackClock "0:01:56"]

1. Nf3 g6 2. g3 Bg7 3. Bg2 e5 4. O-O d5 5. d3 Ne7 6. e4 O-O 7. Nc3 Nbc6 8. exd5 Nxd5 9. Nxe5 Nxc3 10. Nxc6 Nxd1 11. Nxd8 Nxb2 12. Nxb7 Bxb7 13. Bxb7 Rab8 14. Bf3 Nxd3 15. cxd3 Bxa1 16. Ba3 Rfd8 1/2-1/2


[Site "https://www.chess.com"]